 Dungeon Crawl Stone Soup version 0.20.1-1-g8b1a95d (console) character file.

651 hilaritas the Chopper (level 7, -3/55 HPs)
             Began as a Formicid Fighter on Nov 24, 2017.
             Slain by Prince Ribbit (16 damage)
             ... on level 5 of the Dungeon.
             The game lasted 00:09:35 (3598 turns).

hilaritas the Chopper (Formicid Fighter)            Turns: 3598, Time: 00:09:36

Health: -3/55      AC:  9    Str: 23    XL:     7   Next: 83%
Magic:  7/7        EV:  5    Int:  7    God:
Gold:   165        SH: 17    Dex: 10    Spells: 5/6 levels left

rFire    . . .     SeeInvis +   a - +1 war axe
rCold    . . .     Gourm    .   u - +2 large shield
rNeg     . . .     Faith    .   k - +0 chain mail
rPois    .         Spirit   .   (helmet unavailable)
rElec    .         Reflect  .   (no cloak)
rCorr    .         Harm     .   (no gloves)
MR       .....                  (no boots)
Stlth    ..........             (no amulet)
Regen    0.2/turn               (no ring)
MPRegen  0.1/turn               (no ring)

@: no status effects
A: permanent stasis, dig shafts and tunnels, four strong arms, antennae 3
a: Dig, Shaft Self


You were on level 5 of the Dungeon.
You were not hungry.

You visited 1 branch of the dungeon, and saw 5 of its levels.

You collected 165 gold pieces.

Inventory:

Hand Weapons
 a - a +1 war axe (weapon)
 d - a +0 hand axe
 q - a +0 whip
Armour
 c - a +0 shield
 k - a +0 chain mail (worn)
 u - a +2 large shield (worn)
Jewellery
 b - an uncursed amulet of faith
Scrolls
 e - a scroll of enchant weapon
 l - a scroll of amnesia
 s - a scroll of fear
 w - 3 scrolls of remove curse
Potions
 m - a potion of lignification
Comestibles
 f - 6 bread rations
 h - a meat ration
 i - a chunk of flesh
 t - 2 royal jellies
 v - 3 fruits


   Skills:
 + Level 4.4 Fighting
 * Level 6.4 Axes
 - Level 3.2 Armour
 + Level 6.1 Shields


You had 5 spell levels left.
You knew the following spells:

 Your Spells              Type           Power        Failure   Level  Hunger
a - Apportation           Tloc           #.....       100%        1    ##.....


Dungeon Overview and Level Annotations

Branches:
Dungeon (5/15)
 Temple: D:4-7

Altars:

Annotations:
D:5 Prince Ribbit


Innate Abilities, Weirdness & Mutations

You cannot be hasted, slowed, berserked, paralysed or teleported.
You can dig through walls and to a lower floor.
Your four strong arms can wield two-handed weapons with a shield.
You have a pair of large antennae on your head. (SInv)


Message History

You slash Prince Ribbit!
Prince Ribbit is heavily wounded.
Prince Ribbit hits you but does no damage.
Prince Ribbit hits you!
* * * LOW HITPOINT WARNING * * *
Unknown command.
Okay, then.
Your shield prevents you from hitting Prince Ribbit.
Prince Ribbit is heavily wounded.
You block Prince Ribbit's attack.
You hit Prince Ribbit.
Prince Ribbit is heavily wounded.
Prince Ribbit hits you but does no damage.
Prince Ribbit blinks!
You closely miss Prince Ribbit.
Prince Ribbit is heavily wounded.
You block Prince Ribbit's attack. Prince Ribbit hits you!
* * * LOW HITPOINT WARNING * * *
You feel better. Prince Ribbit hits you!
You die...

#####
....##
##..#
##..#
#..# {
..# ##.#
#..#
#.####.##
#...F@.#
#####.##
#.# #.#
##.# #..#
# #.## .#
#.# .#
######.#
.#
#......#
.###
#.####.#


You could see Prince Ribbit.

Vanquished Creatures
  The ghost of ak87 the Firebug, an amateur DgFE (D:4)
  The ghost of NNNN the Skirmisher, an amateur HOFi (D:3)
  A scorpion (D:4)
  A howler monkey (D:4)
  2 hounds (D:4)
  2 orc wizards (D:4)
  3 worker ants (D:4)
  A hound zombie (D:4)
  3 adders
  2 gnolls (D:4)
  An adder skeleton (D:5)
  A worm (D:3)
  A dart slug (D:3)
  2 leopard geckos
  8 orcs
  7 giant cockroaches
  10 goblins
  6 hobgoblins
  2 jackals (D:2)
  6 kobolds
  A quokka (D:3)
  2 ball pythons (D:3)
  11 bats
  11 frilled lizards
  11 rats
97 creatures vanquished.

Notes
Turn   | Place    | Note
-------+----------+-------------------------------------------
     0 | D:1      | hilaritas the Formicid Fighter began the quest for the Orb.
     0 | D:1      | Reached XP level 1. HP: 18/18 MP: 1/1
    85 | D:1      | Reached XP level 2. HP: 24/24 MP: 2/2
   326 | D:1      | Reached XP level 3. HP: 30/30 MP: 3/3
  1147 | D:2      | Reached XP level 4. HP: 37/37 MP: 4/4
  1481 | D:3      | Noticed NNNN's ghost (amateur HOFi)
  1492 | D:3      | Killed NNNN's ghost
  1492 | D:3      | Reached XP level 5. HP: 28/42 MP: 5/5
  2070 | D:3      | Reached XP level 6. HP: 48/48 MP: 6/6
  2510 | D:4      | Reached skill level 5 in Axes
  2522 | D:4      | Reached skill level 5 in Shields
  2690 | D:4      | Noticed ak87's ghost (amateur DgFE)
  2701 | D:4      | Reached XP level 7. HP: 23/54 MP: 7/7
  2717 | D:4      | Killed ak87's ghost
  3366 | D:4      | Learned a level 1 spell: Apportation
  3523 | D:5      | Entered Level 5 of the Dungeon
  3583 | D:5      | Noticed Prince Ribbit
  3598 | D:5      | Slain by Prince Ribbit

Skill      XL: |  1  2  3  4  5  6  7 |
---------------+----------------------+-----
Axes           | 3 4 5 6 |  6.4
Shields        | 4 5 6 |  6.1
Fighting       | 4 |  4.4
Armour         | |  3.2

Action                   |  1- 3 |  4- 6 |  7- 9 || total
-------------------------+-------+-------+-------++-------
Melee: War axe           |   129 |   127 |    84 ||   340
  Use: Potion            |       |     4 |     3 ||     7
       Scroll            |       |    10 |     1 ||    11
  Eat: Chunk             |     1 |     5 |     3 ||     9
Armor: Scale mail        |    29 |       |       ||    29
       Chain mail        |    47 |    64 |    12 ||   123
       Skin              |       |     1 |    10 ||    11
Dodge: Dodged            |    33 |    26 |     8 ||    67
Block: Shield            |    94 |    26 |       ||   120
       Large shield      |       |   105 |    64 ||   169
